 Dungeon Crawl Stone Soup version 0.28.0-53-g5a82cb258f (webtiles) character file.

Game seed: 13371060948429806499

252 cbfl8 the Chopper (level 6, -1/53 HPs)
             Began as a Hill Orc Fighter on Sept 14, 2022.
             Succumbed to a scorpion's poison
             ... on level 3 of the Dungeon.
             The game lasted 00:02:54 (3416 turns).

cbfl8 the Chopper (Hill Orc Fighter)                Turns: 3416, Time: 00:02:54

Health: -1/53      AC:  9    Str: 19    XL:     6   Next: 14%
Magic:  6/6        EV:  7    Int:  8    God:
Gold:   92         SH:  9    Dex: 12    Spells: 5/5 levels left

rFire   . . .      SeeInvis .   a - +0 war axe
rCold   . . .      Faith    .   c - +0 buckler
rNeg    + . .      Spirit   .   q - +0 chain mail
rPois   .          Reflect  +   (no helmet)
rElec   .          Harm     .   (no cloak)
rCorr   .          Rampage  .   (no gloves)
Will    .....                   (no boots)
Stlth   ..........              i - amulet of reflection
HPRegen 0.17/turn               g - ring of positive energy
MPRegen 0.10/turn               (no ring)

@: lethally poisoned (-1 -> -11)
A: no striking features
a: no special abilities


You were on level 3 of the Dungeon.
You visited 1 branch of the dungeon, and saw 4 of its levels.

You collected 92 gold pieces.

Inventory:

Hand Weapons
 a - a +0 war axe (weapon)
Missiles
 r - a throwing net (quivered)
Armour
 c - a +0 buckler (worn)
 q - a +0 chain mail (worn)
Jewellery
 g - a ring of positive energy (left hand)
 i - an amulet of reflection (around neck)
Scrolls
 b - a scroll of teleportation {unknown}
 e - a scroll of vulnerability {unknown}
 f - 2 scrolls of identify {unknown}
 h - 3 scrolls of blinking {unknown}
 l - 3 scrolls of silence {unknown}
 o - a scroll of magic mapping {unknown}
 s - a scroll of holy word {unknown}
 t - a scroll of noise {unknown}
Potions
 k - a potion of mutation {unknown}
 m - a potion of heal wounds {unknown}
 n - a potion of flight {unknown}
 p - a potion of cancellation {unknown}
 u - a potion of haste {unknown}


   Skills:
 * Level 4.7 Fighting
 * Level 5.6 Axes
 + Level 3.9 Armour
 * Level 1.3 Dodging
 + Level 3.7 Shields
 * Level 1.6 Evocations


You had 5 spell levels left.
You didn't know any spells.
Your spell library was empty.

Dungeon Overview and Level Annotations

Branches:
Dungeon (4/15)
 Temple: D:4-7

Altars:


Message History

There is a stone staircase leading down here.
Throw: throwing net
Press: ? - help, Q - select action Shift-Dir - straight line, f - scorpion
Aim: a scorpion (severely wounded, 59% to hit)
Okay, then.
It was a potion of curing.
You feel better. The scorpion stings you!
* * * LOW HITPOINT WARNING * * *
You feel better. The scorpion completely misses you. The scorpion stings you.
* * * LOW HITPOINT WARNING * * *
You closely miss the scorpion.
The scorpion is severely wounded.
You block the scorpion's attack.
You barely miss the scorpion.
The scorpion is severely wounded.
The scorpion barely misses you.
You closely miss the scorpion.
The scorpion is severely wounded.
The scorpion barely misses you. x2
You hit the scorpion.
The scorpion is almost dead.
The scorpion stings you.
* * * LOW HITPOINT WARNING * * *
You are lethally poisoned!
The scorpion poisons you!
You closely miss the scorpion.
The scorpion is almost dead.
* * * LOW HITPOINT WARNING * * *
You feel very sick. The scorpion stings you.
* * * LOW HITPOINT WARNING * * *
You are more poisoned.
The scorpion poisons you! You block the scorpion's attack.
You closely miss the scorpion.
The scorpion is almost dead.
* * * LOW HITPOINT WARNING * * *
You feel very sick.
The scorpion stings you but does no damage.
You slash the scorpion!
You kill the scorpion!
You die...

###..#.#.###.
##.........
###..........
##.........#..
########..##.........
##........<...........
###..######..#.......###
#...................)...
######.@............####
##..####...#####.....
###..####..### #####.
#.........## ##
#....###### ######


There were no monsters in sight!

Vanquished Creatures
  A sky beast (D:4)
  A scorpion (D:3)
  A hound (D:4)
  Terence (D:2)
  2 adders
  4 gnolls
  An orc (D:3)
  6 ball pythons
  4 endoplasms
  2 giant cockroaches
  4 goblins
  5 hobgoblins
  2 quokkas
  5 bats
  6 frilled lizards
  6 kobolds
  7 rats
58 creatures vanquished.

Vanquished Creatures (others)
  2 fungi (D:2)
  2 plants (D:2)
4 creatures vanquished.

Grand Total: 62 creatures vanquished

Notes
Turn   | Place    | Note
-------+----------+-------------------------------------------
     0 | D:1      | cbfl8 the Hill Orc Fighter began the quest for the Orb.
     0 | D:1      | Reached XP level 1. HP: 19/19 MP: 1/1
   500 | D:1      | Reached XP level 2. HP: 27/27 MP: 2/2
  1506 | D:2      | Reached skill level 3 in Axes
  1506 | D:2      | Reached XP level 3. HP: 32/33 MP: 3/3
  1616 | D:2      | Noticed Terence
  1626 | D:2      | Killed Terence
  1921 | D:2      | Reached XP level 4. HP: 30/40 MP: 4/4
  2090 | D:2      | Found a faded altar of an unknown god.
  2172 | D:2      | Reached skill level 4 in Axes
  2172 | D:2      | Reached skill level 1 in Evocations
  2449 | D:2      | Reached skill level 1 in Dodging
  2718 | D:3      | Reached XP level 5. HP: 47/47 MP: 5/5
  3083 | D:4      | Noticed a sky beast
  3097 | D:4      | Killed a sky beast
  3098 | D:4      | Reached skill level 5 in Axes
  3103 | D:4      | Reached XP level 6. HP: 9/53 MP: 6/6
  3415 | D:3      | HP: 2/53 [poisoned by a scorpion]
  3416 | D:3      | Succumbed to a scorpion's poison

Illustrated notes

Levels and vault maps discovered:
D:1:      heliophobic_arrival_battle_scene, layout_basic
D:2:      layout_basic, shapermc_ecumenical_altar_petra, hangedman_decor_points,
          serial_bayou_ford_a, hangedman_abyss_or_decor_stabs, uniq_terence
D:3:      layout_rooms, grunt_ministairs_7
D:4:      layout_rooms, mainiacjoe_overflow_concentric_impassable

Skill      XL: |  1  2  3  4  5 |
---------------+----------------+-----
Fighting       | 4 |  4.7
Axes           | 3 4 5 |  5.6
Evocations     | 1 |  1.6
Dodging        | 1 |  1.3
Armour         | |  3.9
Shields        | |  3.7

Action                   |  1- 3 |  4- 6 || total
-------------------------+-------+-------++-------
Melee: War axe           |    85 |   111 ||   196
  Use: Potion            |       |     3 ||     3
Armor: Scale mail        |    34 |     2 ||    36
       Chain mail        |       |    45 ||    45
Dodge: Dodged            |    31 |    45 ||    76
Block: Buckler           |    31 |    63 ||    94
       Reflection        |       |     1 ||     1
